Map: Proxima Station LE

Players

ZhuGeLiang

  • Race: Zerg Zerg
  • Spawn Location: 7:00

BackupA - Winner!

  • Race: Zerg Zerg
  • Spawn Location: 1:00

Event: WCS Valencia 2017

VOD

Have the link to the VOD?

Description

Time

  • Played on: July 13, 2017, 7:48 a.m.
  • Length: 7:56

All games in this series

Show
View Real Time Build Order
Export as new Build Order

ZhuGeLiang Zerg 

Build Orders: Hatch First 

Get SALT Encoding   

  12  0:01  Drone  
  13  0:12  Overlord  
  13  0:18  Drone  
  14  0:31  Drone x2  
  14  0:34  Drone  
  17  0:52  Hatchery  
  17  0:55  Drone  
  17  1:09  Spawning Pool  
  16  1:11  Drone  
  16  1:14  Drone  
  18  1:36  Hatchery  
  18  1:37  Drone  
  18  1:41  Drone  
  18  1:44  Extractor  
  18  1:45  Drone  
  19  1:55  Queen  
  21  2:05  Queen  
  23  2:16  Roach Warren  
  23  2:20  Drone  
  23  2:23  Drone  
  23  2:27  Drone  
  25  2:32  Overlord  
  25  2:36  Drone  
  26  2:45  Drone x2  
  28  2:57  Roach x3  
  34  3:03  Roach  
  36  3:12  Roach  
  38  3:15  Roach  
  40  3:21  Roach  
  42  3:30  Overlord  
  42  3:32  Overlord  
  42  3:44  Overlord  
  42  3:50  Drone  
  42  3:52  Drone  
  42  3:53  Drone x3  
  47  3:57  Roach  
  49  4:07  Roach x4  
  57  4:11  Spine Crawler  
  57  4:14  Drone  
  57  4:20  Queen  
  59  4:25  Drone x2  
  59  4:28  Drone x2  
  63  4:34  Drone x2  
  65  4:42  Evolution Chamber  
  56  4:49  Lair  
  56  4:52  Overlord  
  56  4:57  Drone x2  
  58  5:05  Extractor  
  57  5:08  Extractor, Drone  
  57  5:09  Drone  
  58  5:18  Overlord  
  58  5:21  Spine Crawler  
  57  5:24  Drone x4  
  61  5:35  Zerg Missile Weapons Level 1  
  61  5:38  Drone x5  
  66  5:46  Overseer  
  66  5:53  Drone  
  66  5:54  Drone x4  
  66  5:56  Glial Reconstitution  
  71  6:00  Drone  
  71  6:01  Drone  
  73  6:08  Overlord x2  
  73  6:12  Overlord  
  73  6:18  Extractor  
  73  6:19  Overlord  
  72  6:27  Drone x3  
  72  6:29  Drone x4  
  72  6:30  Drone  
  80  6:33  Ravager x4  
  84  6:42  Drone  
  85  6:48  Drone x3  
  88  6:57  Drone x3  
  88  6:58  Drone x2  
  88  7:00  Hatchery  
  92  7:07  Overlord x4  
  92  7:10  Roach x2  
  90  7:16  Roach x3  
  86  7:27  Roach x2  
  80  7:33  Roach  
  80  7:37  Roach  
Show
View Real Time Build Order
Export as new Build Order

BackupA Zerg - Winner!

Build Orders: Pool First 

Get SALT Encoding   

  12  0:01  Drone  
  13  0:13  Overlord  
  13  0:17  Drone  
  14  0:31  Drone x2  
  14  0:35  Drone  
  17  0:37  Extractor  
  16  0:49  Spawning Pool  
  15  0:52  Drone  
  16  0:58  Drone  
  17  1:20  Hatchery  
  17  1:25  Drone  
  17  1:37  Zergling x4  
  19  1:41  Metabolic Boost  
  19  1:51  Queen  
  21  1:59  Overlord  
  21  2:06  Zergling x2  
  22  2:18  Zergling x4  
  24  2:23  Baneling Nest, Zergling x2  
  24  2:31  Queen  
  24  2:35  Zergling x2  
  27  2:39  Zergling x2  
  28  2:45  Zergling x4  
  30  2:54  Overlord  
  30  2:58  Zergling x2  
  31  3:04  Drone x2  
  33  3:07  Baneling  
  33  3:08  Baneling  
  33  3:15  Drone  
  34  3:27  Drone x3  
  33  3:30  Drone  
  33  3:31  Drone  
  36  3:42  Drone x3  
  36  3:45  Evolution Chamber  
  37  3:50  Drone x2  
  39  4:01  Drone x3  
  42  4:04  Overlord  
  42  4:09  Baneling x4  
  42  4:20  Extractor, Drone  
  42  4:21  Extractor, Drone x2  
  42  4:23  Drone x3  
  46  4:29  Queen  
  46  4:59  Zerg Ground Armor Level 1  
  46  5:02  Roach Warren, Drone x5  
  46  5:03  Drone  
  51  5:07  Hatchery  
  50  5:25  Overlord x2  
  49  5:44  Overlord x2  
  49  5:45  Roach x4  
  49  5:46  Roach x4  
  64  5:57  Roach  
  66  5:58  Overlord  
  66  6:12  Ravager x4  
  66  6:14  Roach x4  
  78  6:19  Roach x3  
  78  6:23  Roach  
  86  6:31  Zergling x2  
  86  6:32  Zergling x2  
  88  6:34  Roach x2  
  88  6:39  Roach x2  
  96  6:44  Ravager  
  96  6:45  Overlord  
  97  6:55  Overlord  
  97  6:56  Overlord  
  97  7:06  Overlord  
  93  7:15  Zergling x2  
  93  7:16  Zergling x22  
  100  7:25  Zergling x4  
  100  7:26  Zergling x2  
Tags
 
Add a new tag
Caveats
  • Supply blocks, unpowered buildings, or Contaminate may cause inaccurate times.
  • Supply counts are checked every 10 seconds.